 Dungeon Crawl Stone Soup version 0.31-a0-1139-gec03705 (webtiles) character file.

Game seed: 5426707671291963000

51015 PiratePeteNZ the Executioner (level 14, 0/142 (145) HPs)
             Began as a Minotaur Monk on Dec 6, 2023.
             Was a High Priest of Jiyva.
             Slain by a +1 spectral double sword (4 damage)
             ... on level 2 of the Elven Halls.
             The game lasted 00:31:39 (9341 turns).

PiratePeteNZ the Executioner (Minotaur Monk)        Turns: 9341, Time: 00:31:40

HP:   0/142 (145)   AC: 21    Str: 25    XL:     14   Next: 21%
MP:   13/13         EV: 19    Int: 11    God:    Jiyva [*****.]
Gold: 406           SH:  0    Dex: 13    Spells: 13/13 levels left

rFire   . . .        z - +3 battleaxe (heavy)
rCold   . . .        (shield currently unavailable)
rNeg    . . .        y - +2 chain mail of the Orb {Slay+5}
rPois   +            (helmet unavailable)
rElec   .            a - +2 cloak {rPois}
rCorr   +            u - +0 pair of gloves
SInv    .            (boots unavailable)
Will    +....        e - amulet of regeneration Stlth
                     i - +6 ring of strength
HPRegen 2.67/turn    C - +5 ring of evasion
MPRegen 0.58/turn

%: clarity
@: lightly drained
A: horns 3, retaliatory headbutt, hooves 3, clarity, clever 1, mutation
resistance 1, robust 1, acidic bite, gelatinous body 2, translucent skin 2,
jelly sensing items
a: Renounce Religion, Oozemancy, Slimify


You were on level 2 of the Elven Halls.
You worshipped Jiyva.
Jiyva was extremely pleased with you.
You visited 3 branches of the dungeon, and saw 14 of its levels.
You also visited: Bailey.

You collected 1102 gold pieces.
You spent 696 gold pieces at shops.

Inventory:

Hand Weapons
 v - a +2 war axe
 z - a +3 heavy battleaxe (weapon)
Missiles
 k - 2 throwing nets
 n - 20 boomerangs (quivered)
Armour
 a - a +2 cloak of poison resistance (worn)
 b - a +0 pair of boots
 d - an orb of light
 s - the +0 crystal plate armour of Ciuxzi {Str+2 Int+3}
   (You found it in a bailey)

   Str+2:     It affects your strength (+2).
   Int+3:     It affects your intelligence (+3).
 u - a +0 pair of gloves (worn)
 y - the +2 chain mail of the Orb (worn) {Slay+5}
   (You took it off a kobold blastminer on level 1 of the Orcish Mines)

   Slay+5:    It affects your accuracy & damage with ranged weapons and melee
   (+5).
Jewellery
 e - an amulet of regeneration (around neck)
 i - a +6 ring of strength (left hand)
 C - a +5 ring of evasion (right hand)
Wands
 w - a wand of polymorph (5)
 x - a wand of mindburst (10)
 D - a wand of flame (10)
Scrolls
 g - 3 scrolls of teleportation
 j - 2 scrolls of immolation
 p - a scroll of blinking
 r - a scroll of butterflies {unknown}
 t - a scroll of fear
 B - a scroll of poison
Potions
 c - a potion of ambrosia
 f - 7 potions of haste
 h - a potion of lignification {unknown}
 l - a potion of cancellation
 m - a potion of invisibility
 o - a potion of curing {unknown}
 F - a potion of might {unknown}


   Skills:
 + Level 14.1 Fighting
 * Level 22.1 Axes
 + Level 2.9 Throwing
 + Level 11.4 Armour
 + Level 7.5 Dodging
 + Level 1.4 Stealth


You had 13 spell levels left.
You didn't know any spells.
Your spell library contained the following spells:

 Spells                   Type           Power      Damage    Failure   Level
 Kiss of Death            Conj/Necr      0%         2d5       80%         1
 Necrotise                Necr           0%         1d4       80%         1
 Sting                    Tmut/Pois      0%         1d3       80%         1
 Summon Small Mammal      Summ           0%         N/A       80%         1
 Cigotuvi's Dreadful Rot  Necr/Pois/Air  0%         N/A       90%         2
 Lesser Beckoning         Tloc           0%         N/A       90%         2
 Dazzling Flash           Conj/Hex       0%         N/A       99%         3
 Frozen Ramparts          Ice            0%         1d1       99%         3
 Gell's Gravitas          Tloc           0%         N/A       99%         3
 Ignite Poison            Fire/Tmut/Pois 0%         N/A       99%         3
 Summon Guardian Golem    Hex/Summ       0%         N/A       99%         3
 Teleport Other           Tloc           0%         N/A       99%         3
 Vampiric Draining        Necr           0%         2d6       99%         3
 Volatile Blastmotes      Fire/Tloc      0%         2d10      99%         3
 Brom's Barrelling Bould  Conj/Erth      0%         2d3       100%        4
 Petrify                  Tmut/Erth      0%         N/A       100%        4
 Summon Lightning Spire   Summ/Air       0%         N/A       100%        4
 Agony                    Necr           0%         N/A       100%        5
 Fireball                 Conj/Fire      0%         3d3       100%        5
 Freezing Cloud           Conj/Ice/Air   0%         6-21      100%        5
 Iskenderun's Battlesphe  Conj           0%         2d6       100%        5
 Metabolic Englaciation   Hex/Ice        0%         N/A       100%        5
 Conjure Ball Lightning   Conj/Air       0%         3x3d6     100%        6
 Starburst                Conj/Fire      0%         6d3       100%        6
 Malign Gateway           Summ/Tloc      0%         N/A       100%        7
 Monstrous Menagerie      Summ           0%         N/A       100%        7
 Orb of Destruction       Conj           0%         9d5       100%        7
 Spellforged Servitor     Conj/Summ      0%         N/A       100%        7
 Borgnjor's Revivificati  Necr           0%         N/A       100%        8
 Maxwell's Capacitive Co  Air            0%         ∞         100%        8


Dungeon Overview and Level Annotations

Branches:
Dungeon (10/15)            Temple (0/1) D:5             Orc (2/2) D:9
    Elf (2/3) Orc:2        Bailey (visited)
   Lair: D:8-11

Altars:
Ashenzari
Dithmenos
Gozag
Nemelex Xobeh
Qazlal
Trog
Xom
Jiyva

Shops:
D:7 *   Orc:2 =(?(   Elf:2 :

Annotations:
D:10 1 transporter


Innate Abilities, Weirdness & Mutations

You have a pair of large horns on your head.
You reflexively headbutt those who attack you in melee.
You have hooves in place of feet.
You possess an exceptional clarity of mind.
Your mind is acute. (Int +4, Str/Dex -1)
You are somewhat resistant to further mutation.
You are robust. (+10% HP)
You have acidic saliva.
Your pliable body absorbs attacks. (AC +2, EV +2)
Your translucent skin reduces your foes' accuracy. (Stealth+)
You have a small jelly attached to you that senses nearby items.


Message History

The +1 lajatang of holy wrath closely misses you.
You furiously retaliate!
You headbutt the +1 lajatang of holy wrath!!
The +1 lajatang of holy wrath hits you!
* * * LOW HITPOINT WARNING * * *
The +2 executioner's axe of freezing closely misses you.
You furiously retaliate!
You headbutt the +2 executioner's axe of freezing.
The deep elf pyromancer points at you and mumbles some strange words.
The bolt of fire misses you.
Your surroundings suddenly seem different.
A deep elf pyromancer, 4 dancing weapons and a deep elf knight come into view.
There is a +2 glaive of venom.
There is a +4 flail of draining.
There is a +1 spectral double sword.
There is a +1 trident of protection.
Found 2 scrolls of enchant weapon.
The +1 trident of protection completely misses you.
The +1 trident of protection hits you but does no damage.
The deep elf knight casts a spell.
The deep elf knight seems to speed up.
The deep elf pyromancer moves out of view.
You miss the +1 trident of protection.
Your kick misses the +1 trident of protection.
Your bite misses the +1 trident of protection.
The +1 trident of protection misses you.
The deep elf knight gestures wildly while chanting.
The deep elf knight flickers and vanishes!
Deactivating autopickup; reactivate with Ctrl-A.
The +1 trident of protection hits you!
* * * LOW HITPOINT WARNING * * *
You closely miss the +1 trident of protection.
You kick the +1 trident of protection.
You bite the +1 trident of protection, but do no damage.
The +1 trident of protection is moderately damaged.
You barely miss the +4 flail of draining.
You slice the +1 spectral double sword!!
The +4 flail of draining hits you!
* * * LOW HITPOINT WARNING * * *
You feel drained.
* * * LOW HITPOINT WARNING * * *
The +1 spectral double sword hits you.
You die...

.##°( #....##
...... #..
....#..#.. .. .
#..#.
...#....#... ..
#....#
..#......#e ...
......
.#........#.. .
......
#..........#...
......
.......(....#
......
.......@(...#
.....
.....(..(...#
#.?........#...
.#........#.. .
..#.?....#. ...
...#....#... ..
....#..#.. .# #
#....## ...##


You could see a deep elf pyromancer and 4 dancing weapons.

Vanquished Creatures
  A deep elf demonologist (Elf:2)
  A deep elf death mage (Elf:1)
  Josephine (Orc:2)
  The ghost of Unit the Thaumaturge, a journeyman DrFE of Vehumet (Orc:2)
  A boulder beetle (D:8)
  20 dancing weapons
  An orc high priest (Orc:1)
  6 deep elf knights
  3 large abominations (Elf:1)
  4 deep elf archers
  5 orc knights
  Pikel (D:5)
  12 deep elf pyromancers
  2 necromancers (Elf:1)
  2 orc sorcerers (Orc:1)
  10 deep elf zephyrmancers
  6 kobold blastminers
  Psyche (D:8)
  3 trolls
  Grinder (D:3)
  A hornet (D:9)
  Sigmund (D:6)
  A shadow (D:9)
  A water elemental (Elf:1)
  3 air elementals (Elf:1)
  4 yaks (D:9)
  6 wraiths
  2 fire elementals (Elf:1)
  Menkaure (D:7)
  5 wargs
  10 two-headed ogre zombies (Orc:1)
  36 orc warriors
  A black bear (D:5)
  2 ice beasts (D:5)
  6 ogres
  8 centaurs
  A lemure (D:5)
  Blork the orc (D:6)
  2 kobold brigands
  An elf zombie (Elf:1)
  A bullfrog (D:8)
  A gnoll sergeant (D:8)
  2 scorpions
  11 wights
  9 killer bees (D:9)
  An electric eel (Orc:1)
  7 hounds
  15 orc priests
  13 orc wizards
  4 iguanas
  7 gnolls
  8 adders
  A shadow imp (D:6)
  4 white imps
  2 ufetubi (D:6)
  3 worms
  2 dart slugs
  79 orcs
  2 bats (D:2)
  3 giant cockroaches
  5 goblins
  2 hobgoblins
  7 kobolds
  4 quokkas
  6 ball pythons
  6 frilled lizards
  7 rats
387 creatures vanquished.

Vanquished Creatures (collateral kills)
  An orc warlord (Orc:1)
  An orc knight (Bailey)
2 creatures vanquished.

Vanquished Creatures (others)
  A centaur warrior (D:10)
  A deep elf zephyrmancer (Orc:1)
  A deep elf pyromancer (D:10)
  A wight (D:7)
  2 howler monkeys (D:7)
  19 jellies
  2 orc wizards (Orc:2)
  A gnoll (D:7)
  An adder (D:3)
  A worm (D:3)
  A dart slug (D:3)
  6 orcs
  A ball python (D:3)
  A bat (D:3)
  2 endoplasms
  A goblin (D:7)
  A hobgoblin (D:3)
  5 kobolds (D:7)
48 creatures vanquished.

Grand Total: 437 creatures vanquished

Notes
Turn   | Place    | Note
-------+----------+-------------------------------------------
     0 | D:1      | PiratePeteNZ the Minotaur Monk began the quest for the Orb.
     0 | D:1      | Reached XP level 1. HP: 19/19 MP: 0/0
    31 | D:1      | Found a faded altar of an unknown god.
    53 | D:1      | Prayed at the altar of an unknown god.
    53 | D:1      | Became a worshipper of Jiyva Jiugrimp the Shapeless
    53 | D:1      | Reached * piety under Jiyva
    53 | D:1      | Reached ** piety under Jiyva
   145 | D:1      | Reached *** piety under Jiyva
   164 | D:1      | Reached skill level 4 in Axes
   165 | D:1      | Reached XP level 2. HP: 27/27 MP: 1/1
   405 | D:2      | Gained mutation: You have a small jelly attached to you
                  | that senses nearby items. [Jiyva's grace]
   405 | D:2      | Gained mutation: Your melee attacks may engulf your foes in
                  | ooze. [Jiyva's grace]
   405 | D:2      | Gained mutation: You are somewhat resistant to further
                  | mutation. [Jiyva's grace]
   405 | D:2      | Gained mutation: You are somewhat resistant to both further
                  | mutation and mutation removal. [Jiyva's grace]
   504 | D:2      | Found a shimmering altar of Xom.
   512 | D:2      | Reached XP level 3. HP: 33/33 MP: 2/2
   740 | D:2      | Reached **** piety under Jiyva
  1091 | D:3      | Noticed Grinder
  1097 | D:3      | Paralysed by Grinder for 2 turns
  1098 | D:3      | Killed Grinder
  1099 | D:3      | Reached skill level 6 in Axes
  1099 | D:3      | Reached XP level 4. HP: 22/41 MP: 3/3
  1099 | D:3      | Reached XP level 5. HP: 25/47 MP: 4/4
  1273 | D:3      | Reached XP level 6. HP: 49/53 MP: 5/5
  1366 | D:3      | Found a bloodstained altar of Trog.
  1455 | D:3      | Reached ***** piety under Jiyva
  1847 | D:4      | Reached skill level 7 in Axes
  2052 | D:4      | Lost mutation: You are somewhat resistant to both further
                  | mutation and mutation removal. [Jiyva's grace]
  2052 | D:4      | Gained mutation: Your translucent skin slightly reduces
                  | your foes' accuracy. (Stealth+) [Jiyva's grace]
  2052 | D:4      | Gained mutation: Your translucent skin reduces your foes'
                  | accuracy. (Stealth+) [Jiyva's grace]
  2052 | D:4      | Gained mutation: Your transparent skin significantly
                  | reduces your foes' accuracy. (Stealth+) [Jiyva's grace]
  2052 | D:4      | Gained mutation: Armour fits poorly on your pseudopods.
                  | [Jiyva's grace]
  2225 | D:5      | Entered Level 5 of the Dungeon
  2320 | D:5      | Noticed an ice beast
  2321 | D:5      | Noticed Pikel
  2323 | D:5      | Noticed an ice beast
  2330 | D:5      | Killed an ice beast
  2331 | D:5      | Reached skill level 5 in Fighting
  2331 | D:5      | Reached skill level 8 in Axes
  2331 | D:5      | Reached XP level 7. HP: 50/61 MP: 4/6
  2333 | D:5      | Killed Pikel
  2334 | D:5      | Reached skill level 9 in Axes
  2334 | D:5      | Reached skill level 5 in Dodging
  2335 | D:5      | Reached XP level 8. HP: 63/69 MP: 7/7
  2384 | D:5      | Reached skill level 10 in Axes
  2477 | D:5      | Found a staircase to the Ecumenical Temple.
  2492 | D:5      | Reached skill level 1 in Stealth
  2928 | D:6      | Found a broken altar of Ashenzari.
  3005 | D:6      | Noticed Blork the orc
  3014 | D:6      | Killed Blork the orc
  3015 | D:6      | Reached skill level 11 in Axes
  3037 | D:6      | Found a stormy altar of Qazlal.
  3044 | D:6      | Found a shadowy altar of Dithmenos.
  3205 | D:6      | Noticed Sigmund
  3215 | D:6      | Killed Sigmund
  3363 | D:6      | Gained mutation: You have acidic saliva. [Jiyva's grace]
  3363 | D:6      | Gained mutation: Your mind is acute. (Int +4, Str/Dex -1)
                  | [Jiyva's grace]
  3363 | D:6      | Gained mutation: Your mind is very acute. (Int +8, Str/Dex
                  | -2) [Jiyva's grace]
  3363 | D:6      | Gained mutation: Your system is resistant to poisons.
                  | (rPois) [Jiyva's grace]
  3416 | D:7      | Noticed Menkaure
  3424 | D:7      | Killed Menkaure
  3425 | D:7      | Reached XP level 9. HP: 44/75 MP: 8/8
  3620 | D:7      | Found a flagged portal.
  3629 | D:7      | Reached skill level 12 in Axes
  3636 | Bailey   | Entered a bailey
  3672 | Bailey   | Noticed an orc knight
  3738 | Bailey   | Noticed an orc knight
  3758 | Bailey   | Killed an orc knight
  3759 | Bailey   | Reached skill level 1 in Throwing
  3841 | Bailey   | Identified the +0 crystal plate armour of Ciuxzi {Str+2
                  | Int+3}
  3862 | Bailey   | Killed an orc knight
  3863 | Bailey   | Reached skill level 13 in Axes
  3863 | Bailey   | Reached skill level 1 in Armour
  4041 | D:7      | Found an opulent altar of Gozag.
  4043 | D:7      | Found Gozag's Platinum Reserve.
  4426 | D:7      | Reached ****** piety under Jiyva
  4521 | D:8      | Reached XP level 10. HP: 79/84 MP: 9/9
  4551 | D:8      | Reached skill level 14 in Axes
  4616 | D:8      | Noticed Psyche
  4620 | D:8      | Killed Psyche
  4912 | D:8      | Lost mutation: Your system is resistant to poisons. (rPois)
                  | [Jiyva's grace]
  4912 | D:8      | Gained mutation: You are robust. (+10% HP) [Jiyva's grace]
  4912 | D:8      | Gained mutation: You are very robust. (+20% HP) [Jiyva's
                  | grace]
  4912 | D:8      | Gained mutation: You are extremely robust. (+30% HP)
                  | [Jiyva's grace]
  4912 | D:8      | Gained mutation: You have a pair of large horns on your
                  | head. [Jiyva's grace]
  4985 | D:8      | Noticed a boulder beetle
  4995 | D:8      | Killed a boulder beetle
  5153 | D:9      | Found a staircase to the Orcish Mines.
  5318 | D:9      | Reached skill level 15 in Axes
  5443 | D:9      | Reached skill level 5 in Armour
  5838 | D:10     | Entered Level 10 of the Dungeon
  5850 | D:10     | Killed a centaur warrior
  6001 | D:10     | Lost mutation: Armour fits poorly on your pseudopods.
                  | [potion of mutation]
  6001 | D:10     | Lost mutation: Your transparent skin significantly reduces
                  | your foes' accuracy. (Stealth+) [potion of mutation]
  6002 | D:10     | Lost mutation: You have a pair of large horns on your head.
                  | [potion of mutation]
  6002 | D:10     | Lost mutation: You have a small jelly attached to you that
                  | senses nearby items. [potion of mutation]
  6002 | D:10     | Gained mutation: Your spells are a little easier to cast,
                  | but a little less powerful. [potion of mutation]
  6003 | D:10     | Lost mutation: Your spells are a little easier to cast, but
                  | a little less powerful. [potion of mutation]
  6003 | D:10     | Lost mutation: Your melee attacks may engulf your foes in
                  | ooze. [potion of mutation]
  6107 | D:10     | Found a sparkling altar of Nemelex Xobeh.
  6107 | D:10     | Found a transporter.
  6352 | D:10     | Got the Verses on the Dose and the Commander
  6417 | D:10     | Killed a deep elf pyromancer
  6916 | Orc:1    | Entered Level 1 of the Orcish Mines
  6954 | Orc:1    | Reached XP level 11. HP: 120/126 MP: 10/10
  7021 | Orc:1    | Reached skill level 16 in Axes
  7216 | Orc:1    | Noticed a deep elf zephyrmancer
  7221 | Orc:1    | Noticed a deep elf pyromancer
  7221 | Orc:1    | Noticed an orc sorcerer
  7223 | Orc:1    | Noticed an orc high priest
  7224 | Orc:1    | Killed a deep elf zephyrmancer
  7232 | Orc:1    | Noticed an orc knight
  7235 | Orc:1    | Killed an orc sorcerer
  7243 | Orc:1    | Killed an orc high priest
  7250 | Orc:1    | Killed a deep elf pyromancer
  7251 | Orc:1    | Reached skill level 10 in Fighting
  7257 | Orc:1    | Killed an orc knight
  7258 | Orc:1    | Reached skill level 17 in Axes
  7271 | Orc:1    | Identified the +1 scimitar of the Middle {elec, +Blink}
  7271 | Orc:1    | Identified the +2 chain mail of the Orb {Slay+5}
  7276 | Orc:1    | Noticed a deep elf zephyrmancer
  7278 | Orc:1    | Noticed an orc knight
  7281 | Orc:1    | Noticed a deep elf archer
  7290 | Orc:1    | Killed an orc knight
  7297 | Orc:1    | Killed a deep elf archer
  7304 | Orc:1    | Killed a deep elf zephyrmancer
  7360 | Orc:1    | Noticed an orc warlord
  7361 | Orc:1    | Noticed an orc sorcerer
  7365 | Orc:1    | Killed an orc sorcerer
  7371 | Orc:1    | Killed an orc warlord
  7372 | Orc:1    | Reached XP level 12. HP: 87/143 MP: 11/11
  7538 | Orc:2    | Entered Level 2 of the Orcish Mines
  7561 | Orc:2    | Reached skill level 18 in Axes
  7608 | Orc:2    | Lost mutation: Your mind is very acute. (Int +8, Str/Dex
                  | -2) [Jiyva's grace]
  7608 | Orc:2    | Gained mutation: You have a pair of large horns on your
                  | head. [Jiyva's grace]
  7608 | Orc:2    | Gained mutation: You have a small jelly attached to you
                  | that senses nearby items. [Jiyva's grace]
  7608 | Orc:2    | Gained mutation: Your rubbery body absorbs attacks. (AC +1,
                  | EV +1) [Jiyva's grace]
  7608 | Orc:2    | Gained mutation: Your pliable body absorbs attacks. (AC +2,
                  | EV +2) [Jiyva's grace]
  7608 | Orc:2    | Noticed Josephine
  7613 | Orc:2    | Killed Josephine
  7622 | Orc:2    | Reached skill level 19 in Axes
  7690 | Orc:2    | Found a staircase to the Elven Halls.
  7745 | Orc:2    | Found a runed translucent door.
  7748 | Orc:2    | Noticed Unit's ghost (journeyman DrFE)
  7814 | Orc:2    | Killed Unit's ghost
  8004 | Orc:2    | Found Motiaffaacw's Magic Scroll Boutique.
  8004 | Orc:2    | Found Jeed's Weapon Shoppe.
  8006 | Orc:2    | Found Kuor's Jewellery Emporium.
  8008 | Orc:2    | Found Buan's Weapon Shop.
  8012 | Orc:2    | Bought a scroll of identify for 32 gold pieces
  8012 | Orc:2    | Bought a scroll of identify for 32 gold pieces
  8012 | Orc:2    | Bought a scroll of identify for 32 gold pieces
  8012 | Orc:2    | Bought a scroll of poison for 64 gold pieces
  8012 | Orc:2    | Bought a scroll of identify for 32 gold pieces
  8025 | Orc:2    | Bought a +5 ring of evasion for 504 gold pieces
  8100 | Elf:1    | Entered Level 1 of the Elven Halls
  8131 | Elf:1    | Paralysed by an air elemental for 1 turns
  8385 | Elf:1    | Reached skill level 20 in Axes
  8385 | Elf:1    | Paralysed by an air elemental for 1 turns
  8481 | Elf:1    | Reached XP level 13. HP: 151/154 MP: 12/12
  8600 | Elf:1    | Noticed a deep elf death mage
  8610 | Elf:1    | Killed a deep elf death mage
  8648 | Elf:1    | Got the Quarto of Exhumation
  8977 | Elf:2    | Noticed a deep elf demonologist
  8985 | Elf:2    | Killed a deep elf demonologist
  8986 | Elf:2    | Reached skill level 21 in Axes
  9018 | Elf:2    | Reached skill level 10 in Armour
  9065 | Elf:2    | Found Lominaec's Vocational Training.
  9211 | Elf:2    | Found a runed translucent gate.
  9211 | Elf:2    | Found a runed translucent gate.
  9212 | Elf:2    | Found a runed translucent gate.
  9258 | Elf:2    | Lost mutation: You are extremely robust. (+30% HP) [Jiyva's
                  | grace]
  9258 | Elf:2    | Lost mutation: You are very robust. (+20% HP) [Jiyva's
                  | grace]
  9258 | Elf:2    | Gained mutation: You have large cloven feet. [Jiyva's
                  | grace]
  9258 | Elf:2    | Gained mutation: You have hoof-like feet. [Jiyva's grace]
  9258 | Elf:2    | Gained mutation: You have hooves in place of feet. [Jiyva's
                  | grace]
  9258 | Elf:2    | Gained mutation: You possess an exceptional clarity of
                  | mind. [Jiyva's grace]
  9268 | Elf:2    | Reached XP level 14. HP: 73/143 MP: 13/13
  9333 | Elf:2    | Reached skill level 22 in Axes
  9337 | Elf:2    | HP: 7/145 [+2 executioner's axe of freezing (16)]
  9341 | Elf:2    | Slain by a +1 spectral double sword

Illustrated notes

Levels and vault maps discovered:
D:1:      scummos_arrival_simple_crosswalls, layout_basic,
          shapermc_ecumenical_altar_mp_highgroup, nrook_campfire
D:2:      layout_basic, basic_altar
D:3:      layout_basic, lemuel_doored_altar, chequers_serial_rivers_micro_c,
          minmay_misc_feat_cross, serial_park_tiny_pond, serial_bayou_crossing,
          uniq_grinder
D:4:      layout_rooms
D:5:      layout_cave_pods, minmay_temple_entry_stoned_glass, uniq_pikel
D:6:      layout_rooms, mainiacjoe_overflow_small_starburst, minitemple,
          hangedman_decor_slide_cut, uniq_blork_the_orc, uniq_sigmund
D:7:      layout_basic, nicolae_gozag_zags_fifth_avenue,
          lightli_bailey_entry_fortress, uniq_menkaure
D:8:      layout_loops_ring, uniq_psyche
D:9:      layout_loops_ring, orc_0_dummy
D:10:     layout_loops_ring, grunt_nemelex_the_gamble, guppyfry_early_elven_hall
Orc:1:    lemuel_ogre_cave, layout_caves, elf_legates
Orc:2:    st_orc_rangers, layout_caves, gammafunk_ghost_grave, uniq_josephine
Elf:1:    layout_gridlike, minmay_elf_necromancy
Elf:2:    nicolae_elf_blades_splatter_lattice
          [nicolae_blade_entry_crossed_weapons], layout_geoelf_grid,
          nicolae_shop_vocational

Skill      XL: |  1  2  3  4  5  6  7  8  9 10 11 12 13 14 |
---------------+-------------------------------------------+-----
Axes           | 4 6 8 9 11 13 15 17 20 21 22 | 22.1
Fighting       | 4 5 6 7 9 11 12 13 14 | 14.1
Dodging        | 4 5 6 7 |  7.5
Stealth        | 1 |  1.4
Throwing       | 1 2 |  2.9
Armour         | 2 5 7 9 10 11 | 11.4

Action                     |  1- 3 |  4- 6 |  7- 9 | 10-12 | 13-15 || total
---------------------------+-------+-------+-------+-------+-------++-------
  Melee: Hand axe          |    59 |    43 |    52 |       |       ||   154
         Headbutt          |     8 |     8 |    38 |    73 |    21 ||   148
         Pseudopods        |       |     2 |    36 |    21 |       ||    59
         War axe           |       |       |   109 |   219 |       ||   328
         Bite              |       |       |     7 |    51 |    10 ||    68
         Battleaxe         |       |       |       |    95 |   111 ||   206
         Kick              |       |       |       |       |     5 ||     5
  Throw: Boomerang         |       |     4 |     8 |    17 |       ||    29
 Invoke: Oozemancy         |       |     1 |     1 |     7 |       ||     9
    Use: Scroll            |       |       |     4 |     5 |     6 ||    15
         Potion            |       |       |       |     3 |     2 ||     5
 Armour: Robe              |    30 |    26 |    44 |       |       ||   100
         Crystal plate arm |       |       |    49 |   182 |       ||   231
         Plate armour      |       |       |     7 |       |       ||     7
         Chain mail        |       |       |     6 |   138 |    98 ||   242
         Scale mail        |       |       |     1 |       |       ||     1
  Dodge: Dodged            |    35 |    29 |   105 |   191 |   108 ||   468

Table legend: (Time is in decaauts)
 A = Elapsed time spent in this place.
 B = Non-inter-level travel time spent in this place.
 C = Inter-level travel time spent in this place.
 D = Time resting spent in this place.
 E = Time spent auto-exploring this place.
 F = Levels seen in this place.
 G = Mean time per level.
                   A        B        C        D        E       F      G
               +--------+--------+--------+--------+--------+-----+--------+
         Total |   9331 |   8540 |    791 |     39 |   6697 |  15 |  622.1 |
       Dungeon |   6545 |   5848 |    697 |      0 |   4975 |  10 |  654.5 |
  Orcish Mines |   1178 |   1100 |     78 |     39 |    669 |   2 |  589.0 |
   Elven Halls |   1259 |   1244 |     15 |      0 |    892 |   2 |  629.5 |
        Bailey |    347 |    347 |      0 |      0 |    159 |   1 |  347.0 |
               +--------+--------+--------+--------+--------+-----+--------+

Top non-repeatable levels by time:
    D:10: 1046 daAuts
     D:3: 830 daAuts
   Elf:1: 806 daAuts
     D:7: 726 daAuts
     D:9: 704 daAuts
     D:5: 699 daAuts
     D:8: 681 daAuts
     D:2: 634 daAuts
   Orc:1: 592 daAuts
   Orc:2: 585 daAuts
   Elf:2: 453 daAuts
     D:6: 452 daAuts
     D:4: 393 daAuts
     D:1: 375 daAuts
  Bailey: 347 daAuts
